 Dungeon Crawl Stone Soup version 0.30-a0-782-ge64f9170bb (webtiles) character file.

Game seed: 13532148485205431014

1783 Gron2003 the Ruffian (level 8, 0/69 HPs)
             Began as a Minotaur Berserker on Feb 23, 2023.
             Was an Elder of Trog.
             Killed from afar by an electric eel (12 damage)
             ... with a bolt of electricity
             ... on level 7 of the Dungeon.
             The game lasted 00:39:54 (4904 turns).

Gron2003 the Ruffian (Minotaur Berserker)           Turns: 4904, Time: 00:39:54

Health: 0/69       AC: 10    Str: 27    XL:     8   Next: 81%
Magic:  7/7        EV:  9    Int:  7    God:    Trog [****..]
Gold:   414        SH:  5    Dex: 10    Spells: 7/7 levels left

rFire   + . .      SeeInvis .    v - +0 mace
rCold   + . .      Faith    .    e - +1 buckler "Damnable Contraption" {Harm Str+3 Int+3}
rNeg    . . .      Spirit   .    c - +0 chain mail
rPois   .          Reflect  .    (helmet restricted)
rElec   .          Harm     +    b - scarf {rC+ rF+}
rCorr   .          Rampage  .    (no gloves)
Will    .....                    (no boots) Stlth
                                 h - amulet of regeneration
HPRegen 1.11/turn                (no ring)
MPRegen 0.10/turn                (no ring)

@: no status effects
A: horns 2, retaliatory headbutt
a: Renounce Religion, Berserk, Trog's Hand, Brothers in Arms


You were on level 7 of the Dungeon.
You worshipped Trog.
Trog was greatly pleased with you.
You visited 1 branch of the dungeon, and saw 7 of its levels.

You collected 414 gold pieces.

Inventory:

Hand Weapons
 v - a +0 mace (weapon)
Missiles
 q - 16 poisoned darts (quivered)
 s - a curare-tipped dart
Armour
 b - a scarf of resistance (worn)
 c - a +0 chain mail (worn)
 e - the +1 buckler "Damnable Contraption" (worn) {Harm Str+3 Int+3}
   (You acquired it on level 2 of the Dungeon)

   Str:       It affects your strength (+3).
   Int:       It affects your intelligence (+3).
   Harm:      It increases damage dealt and taken.
Jewellery
 h - an amulet of regeneration (around neck)
Wands
 i - a wand of iceblast (16)
 w - a wand of acid (15)
Scrolls
 f - 2 scrolls of poison {unknown}
 g - 2 scrolls of identify {unknown}
 j - a scroll of fog {unknown}
 k - a scroll of enchant weapon {unknown}
 o - a scroll of teleportation
 x - a scroll of vulnerability {unknown}
Potions
 a - a potion of heal wounds {unknown}
 d - a potion of degeneration {unknown}
 m - a potion of might {unknown}
 n - a potion of magic {unknown}
 p - a potion of resistance
 r - a potion of haste {unknown}
 t - a potion of cancellation {unknown}
 u - a potion of flight


   Skills:
 + Level 5.5 Fighting
 + Level 4.7 Short Blades
 + Level 4.2 Polearms
 + Level 2.3 Throwing
 + Level 6.4 Armour
 + Level 3.9 Dodging
 + Level 0.5 Stealth
 + Level 3.9 Shields
 + Level 6.4 Unarmed Combat
 + Level 0.4 Evocations


You had 7 spell levels left.
You didn't know any spells.
Your spell library contained the following spells:

 Spells                   Type           Power      Damage    Failure   Level
 Vhi's Electric Charge    Tloc/Air       0%         N/A       100%        3
 Arcjolt                  Conj/Air       0%         1d10      100%        5
 Maxwell's Capacitive Co  Air            0%         ∞         100%        8


Dungeon Overview and Level Annotations

Branches:
Dungeon (7/15)             Temple (0/1) D:7

Altars:
Elyvilon


Innate Abilities, Weirdness & Mutations

You have a pair of horns on your head.
You reflexively headbutt those who attack you in melee.


Message History

The bolt of electricity hits the orc warrior!
The bolt of electricity misses you. The bolt of electricity hits you.
Why would you want to do that?
Hit: v) +0 mace
Press: ? - help, Dir - move target, f - you
Okay, then.
Aiming: Corrosive Bolt
Press: ? - help, Shift-Dir - straight line, f - orc priest
Aim: an orc priest, wielding a +0 short sword (71% to hit)
The bolt of acid hits the orc priest!
The acid corrodes the orc priest!
You kill the orc priest!
Trog accepts your kill.
The electric eel shoots out a bolt of lightning at you!
The bolt of electricity hits the orc warrior!
The bolt of electricity hits you! The bolt of electricity hits you.
Why would you want to do that?
The electric eel shoots out a bolt of lightning at you!
The bolt of electricity hits you. You block the orc warrior's attack.
The electric eel shoots out a bolt of lightning at you!
The bolt of electricity hits you. You block the orc warrior's attack.
Aiming: Corrosive Bolt
Press: ? - help, Shift-Dir - straight line, f - orc warrior
Aim: an orc warrior, wielding a +0 trident and wearing a +0 plate armour (severely wounded, 71% to hit)
The bolt of acid hits the orc warrior.
The acid corrodes the orc warrior!
The orc warrior is severely wounded.
The electric eel shoots out a bolt of lightning at you!
The bolt of electricity hits you! You block the orc warrior's attack.
The electric eel shoots out a bolt of lightning at you!
The bolt of electricity hits you! x2
* * * LOW HITPOINT WARNING * * *
The electric eel shoots out a bolt of lightning at you!
The bolt of electricity hits you.
* * * LOW HITPOINT WARNING * * *
Found a white marble altar of Elyvilon.
The electric eel shoots out a bolt of lightning at you!
The bolt of electricity hits the orc warrior!
The orc warrior dies!
The bolt of electricity misses you. The bolt of electricity hits you!
You die...

#≈⌠._ #.... #≈≈..
#####.... #≈≈.≈ #
#......#. #≈.≈### .#
#.####..# ####≈)≈#>##.#
#.# #... #...≈)≈P....#
#.# #...# ...≈.≈P.#..#
#.# #..#. #P#S)≈#....#
#.# #..#. .#P.≈.≈.@####
#.##....#
....≈.≈..########.#...#..
..P#≈.≈#.................
..PP≈.≈P..#######.#...###
#..P≈.≈...# #.##.##
#.P#≈.≈#P## #[# ##
##..≈.≈.P# #.# ###..####
#.# #.# #.#


You could see an electric eel.

Vanquished Creatures
  Sigmund (D:4)
  The ghost of wolong the Vexing, an amateur GnHs (D:3)
  2 ogres
  A black bear (D:4)
  A phantom (D:5)
  2 centaurs
  3 kobold brigands
  A bullfrog (D:7)
  A necrophage (D:6)
  2 scorpions
  2 hounds
  2 orc priests (D:7)
  Crazy Yiuf (D:2)
  An iguana (D:6)
  6 orc wizards
  5 adders
  5 gnolls
  A white imp (D:6)
  3 worms
  3 dart slugs
  20 orcs
  10 ball pythons
  7 bats
  4 endoplasms
  A giant cockroach (D:2)
  6 goblins
  6 hobgoblins
  15 kobolds
  2 quokkas
  4 frilled lizards
  6 rats
125 creatures vanquished.

Vanquished Creatures (others)
  An orc warrior (D:7)
  2 plants (D:7)
3 creatures vanquished.

Grand Total: 128 creatures vanquished

Notes
Turn   | Place    | Note
-------+----------+-------------------------------------------
     0 | D:1      | Gron2003 the Minotaur Berserker began the quest for the
                  | Orb.
     0 | D:1      | Reached XP level 1. HP: 19/19 MP: 0/0
    63 | D:1      | Reached XP level 2. HP: 27/27 MP: 1/1
   408 | D:1      | Reached XP level 3. HP: 32/33 MP: 2/2
   443 | D:1      | Found a faded altar of an unknown god.
   490 | D:1      | Reached ** piety under Trog
   929 | D:2      | Identified a scroll of acquirement
   929 | D:2      | Acquired the +1 buckler "Damnable Contraption" {Harm Str+3
                  | Int+3}
   952 | D:2      | Reached skill level 1 in Short Blades
  1099 | D:2      | Reached XP level 4. HP: 32/41 MP: 3/3
  1499 | D:2      | Found a runed translucent door.
  1500 | D:2      | Noticed Crazy Yiuf
  1506 | D:2      | Killed Crazy Yiuf
  2008 | D:3      | Found a runed translucent gate.
  2009 | D:3      | Noticed wolong's ghost (amateur GnHs)
  2010 | D:3      | Found a runed translucent gate.
  2010 | D:3      | Found a runed translucent gate.
  2201 | D:3      | Reached XP level 5. HP: 47/47 MP: 4/4
  2203 | D:3      | Reached *** piety under Trog
  2700 | D:3      | Killed wolong's ghost
  2701 | D:3      | Reached XP level 6. HP: 55/55 MP: 5/5
  2745 | D:3      | Identified the +2 ring mail "Qene" {rPois rF- Int+5}
  2831 | D:4      | Reached skill level 5 in Fighting
  2831 | D:4      | Reached skill level 1 in Shields
  2873 | D:4      | Reached skill level 1 in Unarmed Combat
  2947 | D:4      | Reached XP level 7. HP: 61/61 MP: 6/6
  3106 | D:4      | Reached skill level 1 in Throwing
  3119 | D:4      | Noticed Sigmund
  3124 | D:4      | Killed Sigmund
  3453 | D:5      | Entered Level 5 of the Dungeon
  3484 | D:5      | Reached skill level 5 in Armour
  3485 | D:5      | Reached **** piety under Trog
  3587 | D:5      | Reached XP level 8. HP: 62/68 MP: 7/7
  3841 | D:5      | You fall into a shaft and drop 1 floor!
  4084 | D:6      | Reached skill level 5 in Unarmed Combat
  4775 | D:7      | Noticed a skeletal warrior
  4775 | D:7      | Noticed a skeletal warrior
  4775 | D:7      | Noticed a skeletal warrior
  4775 | D:7      | Noticed a skeletal warrior
  4775 | D:7      | Noticed a skeletal warrior
  4831 | D:7      | Found a staircase to the Ecumenical Temple.
  4903 | D:7      | Found a white marble altar of Elyvilon.
  4904 | D:7      | Killed from afar by an electric eel

Illustrated notes

Levels and vault maps discovered:
D:1:      amcnicky_arrival_choice, layout_loops_ring,
          hellmonk_ecumenical_altar_inner_sanctum
D:2:      layout_basic, minmay_misc_feat_columns, uniq_crazy_yiuf_cottage
D:3:      layout_basic, gammafunk_ghost_split, item_on_display_a
D:4:      layout_basic, uniq_sigmund
D:5:      layout_loops_corners, lemuel_doored_altar
D:6:      layout_cave_pods, hangedman_glass_teeth
D:7:      layout_loops_corners, marbit_many_paths, nicolae_elyvilon_temple_path,
          minmay_temple_entry_mini_moons, nicolae_hexahallways,
          hangedman_decor_riveting

Skill      XL: |  1  2  3  4  5  6  7  8 |
---------------+-------------------------+-----
Fighting       | 4 5 |  5.5
Polearms       | 4 |  4.2
Short Blades   | 1 3 4 |  4.7
Armour         | 3 4 5 6 |  6.4
Dodging        | 3 |  3.9
Shields        | 2 3 |  3.9
Unarmed Combat | 1 4 6 |  6.4
Throwing       | 2 |  2.3
Stealth        | |  0.5
Evocations     | |  0.4

Action                     |  1- 3 |  4- 6 |  7- 9 || total
---------------------------+-------+-------+-------++-------
  Melee: Spear             |    15 |       |       ||    15
         Headbutt          |    18 |    24 |    17 ||    59
         Short sword       |    79 |    63 |       ||   142
         Unarmed           |       |    65 |   186 ||   251
         Mace              |       |       |     4 ||     4
  Throw: Boomerang         |       |    17 |       ||    17
         Dart              |       |     4 |       ||     4
  Evoke: Wand              |       |       |     8 ||     8
    Use: Scroll            |     4 |     2 |     2 ||     8
         Potion            |     1 |       |     1 ||     2
 Armour: Animal skin       |     8 |       |       ||     8
         Chain mail        |    19 |    73 |    78 ||   170
  Dodge: Dodged            |    46 |    33 |    58 ||   137
  Block: Buckler           |     3 |    21 |    33 ||    57

Table legend: (Time is in decaauts)
 A = Elapsed time spent in this place.
 B = Non-inter-level travel time spent in this place.
 C = Inter-level travel time spent in this place.
 D = Time resting spent in this place.
 E = Time spent auto-exploring this place.
 F = Levels seen in this place.
 G = Mean time per level.
                   A        B        C        D        E       F      G
               +--------+--------+--------+--------+--------+-----+--------+
         Total |   4875 |   4729 |    146 |     51 |   2909 |   7 |  696.4 |
       Dungeon |   4875 |   4729 |    146 |     51 |   2909 |   7 |  696.4 |
               +--------+--------+--------+--------+--------+-----+--------+

Top non-repeatable levels by time:
     D:3: 1147 daAuts
     D:2: 857 daAuts
     D:6: 820 daAuts
     D:1: 784 daAuts
     D:4: 639 daAuts
     D:5: 387 daAuts
     D:7: 239 daAuts
